 Dungeon Crawl Stone Soup version 0.30-a0-937-ga0a21ad780 (webtiles) character file.

Game seed: 16513701714950532648

620 arthad the Digger (level 7, -2/60 HPs)
             Began as a Gargoyle Earth Elementalist on Mar 24, 2023.
             Slain by Duvessa
             ... wielding a +2 rapier of flaming
              (4 damage)
             ... on level 5 of the Dungeon.
             The game lasted 00:07:21 (4781 turns).

arthad the Digger (Gargoyle Earth Elementalist)     Turns: 4781, Time: 00:07:22

Health: -2/60      AC: 23    Str: 12    XL:     7   Next: 46%
Magic:  5/12       EV:  2    Int: 17    God:
Gold:   286        SH:  4    Dex: 10    Spells: 5/13 levels left

rFire   . . .      SeeInvis .    k - +0 whip (venom)
rCold   . . .      Faith    .    d - +0 buckler
rNeg    + . .      Spirit   .    a - melded +0 robe
rPois   ∞          Reflect  .    q - melded +0 helmet
rElec   .          Rampage  .    p - melded +0 cloak
rCorr   .          NoTele   +    (gloves currently unavailable)
Will    .....                    (boots currently unavailable)
Stlth   ++                       (no amulet)
HPRegen 0.30/turn                (no ring)
MPRegen 0.13/turn                (no ring)

@: tree-form
A: stationary, stasis, torment immunity, boosted hp, sickness immunity, AC +4,
negative energy resistance 1, (electricity resistance), torment resistance 1,
petrification resistance
a: no special abilities


You were on level 5 of the Dungeon.
You were a tree.
You visited 1 branch of the dungeon, and saw 5 of its levels.

You collected 286 gold pieces.

Inventory:

Hand Weapons
 k - a +0 whip of venom (weapon)
 x - a +1 spectral quarterstaff
Missiles
 n - 4 poisoned darts
Armour
 a - a +0 robe (melded)
 d - a +0 buckler (worn)
 p - a +0 cloak (melded)
 q - a +0 helmet (melded)
Magical Staves
 l - a staff of fire
Jewellery
 u - a ring of see invisible
Scrolls
 g - 2 scrolls of identify {unknown}
 j - a scroll of enchant armour {unknown}
 o - a scroll of poison {unknown}
 r - a scroll of acquirement {unknown}
 s - a scroll of brand weapon {unknown}
 v - a scroll of teleportation {unknown}
 w - 2 scrolls of fog {unknown}
Potions
 b - a potion of magic
 e - a potion of attraction {unknown}
 f - a potion of lignification
 h - a potion of flight {unknown}
 i - 2 potions of haste {unknown}
 m - a potion of invisibility {unknown}
 t - a potion of experience {unknown}


   Skills:
 + Level 2.4 Fighting
 + Level 2.1 Armour
 + Level 2.4 Dodging
 + Level 3.5 Stealth
 + Level 2.3 Shields
 * Level 3.7 Spellcasting
 + Level 1.2 Conjurations
 + Level 1.2 Transmutations
 * Level 5.9 Earth Magic


You had 5 spell levels left.
You knew the following spells:

 Your Spells              Type           Power      Damage    Failure   Level
a - Sandblast             Erth           46%        2d11      1%          1
b - Stone Arrow           Conj/Erth      30%        3d8       14%         3
c - Petrify               Tmut/Erth      15%        N/A       43%         4

Your spell library contained the following spells:

 Spells                   Type           Power      Damage    Failure   Level
 Passwall                 Tmut/Erth      12%        N/A       8%          2
 Apportation              Tloc           6%         N/A       22%         1
 Necrotise                Necr           12%        1d4       22%         1
 Summon Small Mammal      Summ           12%        N/A       22%         1


Dungeon Overview and Level Annotations

Branches:
Dungeon (5/15)
 Temple: D:4-7

Altars:
Fedhas
Kikubaaqudgha
Qazlal
Xom

Annotations:
D:5 Duvessa


Innate Abilities, Weirdness & Mutations

You are a tree.
Your roots penetrate the ground, keeping you stationary.
You cannot be teleported.
You are immune to unholy pain and torment.
Your maximum health is greatly increased.
Your equipment is partially melded.
You are immune to sickness and miasma.
((Your stone body is resilient. (AC +4)))
You are immune to poison.
You resist negative energy. (rN+)
((You are resistant to electric shocks. (rElec)))
You are resistant to unholy torment.
You are immune to petrification.


Message History

Aiming: Stone Arrow (dangerous; 16% risk of failure)
Press: ? - help, Shift-Dir - straight line, f - Duvessa, p - Dowan
Aim: Duvessa, wielding a +2 rapier of flaming and wearing a +0 chain mail (81% to hit)
The stone arrow hits Dowan!
Dowan is heavily wounded.
Dowan closely misses you.
Casting: Stone Arrow (dangerous; 16% risk of failure)
Confirm with . or Enter, or press ? or * to list all spells.
Aiming: Stone Arrow (dangerous; 16% risk of failure)
Press: ? - help, Shift-Dir - straight line, f/p - Duvessa
Aim: Duvessa, wielding a +2 rapier of flaming and wearing a +0 chain mail (81% to hit)
The stone arrow misses Dowan.
The stone arrow hits Duvessa!
Duvessa is moderately wounded.
Dowan hits you but does no damage.
Duvessa says, "When magic and the sword combine, nothing stands against them."
The blast of sand hits Dowan!
You kill Dowan!
Duvessa screams, "No!
How DARE you!"
Duvessa goes berserk!
Duvessa completely misses you.
You aren't carrying any items that you can evoke.
It was a potion of curing.
You feel better.
Duvessa hits you with a +2 rapier of flaming.
Duvessa burns you.
Duvessa hits you with a +2 rapier of flaming!
Duvessa burns you.
Okay, then.
You feel better.
Duvessa hits you with a +2 rapier of flaming!
* * * LOW HITPOINT WARNING * * *
Duvessa burns you.
* * * LOW HITPOINT WARNING * * *
It was a potion of lignification.
You turn into a tree.
Your +0 cloak melds into your body.
Your +0 helmet melds into your body.
Your +0 robe melds into your body.
Your roots penetrate the ground.
Duvessa hits you with a +2 rapier of flaming.
* * * LOW HITPOINT WARNING * * *
Duvessa burns you.
* * * LOW HITPOINT WARNING * * *
Duvessa hits you with a +2 rapier of flaming.
You die...

## .. #. #. #.
######## #. #.
#......#
#...#e###......#
#...♣........#
#######......#
#......##
#.......# ######
##.......#
....####........#
#...............
#..............#
#............###


You could see Duvessa (berserk).

Vanquished Creatures
  2 black bears (D:4)
  A phantom (D:4)
  Dowan (D:5)
  3 hounds (D:4)
  An orc priest (D:4)
  7 adders
  3 gnolls (D:3)
  2 worms
  4 dart slugs
  12 orcs
  5 bats
  6 endoplasms
  2 giant cockroaches
  5 goblins
  6 hobgoblins
  6 jackals (D:3)
  9 kobolds
  6 quokkas
  9 ball pythons
  4 frilled lizards
  7 rats
101 creatures vanquished.

Notes
Turn   | Place    | Note
-------+----------+-------------------------------------------
     0 | D:1      | arthad the Gargoyle Earth Elementalist began the quest for
                  | the Orb.
     0 | D:1      | Reached XP level 1. HP: 10/10 MP: 3/3
   161 | D:1      | Reached skill level 4 in Earth Magic
   181 | D:1      | Reached XP level 2. HP: 15/15 MP: 3/5
   299 | D:1      | Found a faded altar of an unknown god.
   739 | D:1      | Reached XP level 3. HP: 20/20 MP: 4/6
  1387 | D:2      | Reached skill level 1 in Shields
  1510 | D:2      | Reached XP level 4. HP: 24/24 MP: 4/7
  1765 | D:2      | Reached skill level 1 in Fighting
  2039 | D:3      | Found a shimmering altar of Xom.
  2147 | D:3      | Reached skill level 1 in Armour
  2213 | D:3      | Reached XP level 5. HP: 24/29 MP: 1/9
  2566 | D:3      | Found a blossoming altar of Fedhas.
  2578 | D:3      | Reached skill level 5 in Earth Magic
  3285 | D:4      | Noticed a phantom
  3293 | D:4      | Killed a phantom
  3294 | D:4      | Reached XP level 6. HP: 35/35 MP: 5/10
  3298 | D:4      | Learned a level 3 spell: Stone Arrow
  3303 | D:4      | Learned a level 4 spell: Petrify
  3607 | D:4      | Found a stormy altar of Qazlal.
  3740 | D:4      | Noticed a black bear
  3743 | D:4      | Reached skill level 1 in Transmutations
  3746 | D:4      | Killed a black bear
  3747 | D:4      | Reached XP level 7. HP: 38/40 MP: 3/12
  4006 | D:4      | Found Gebbaer's Jewellery Emporium.
  4093 | D:4      | Reached skill level 1 in Conjurations
  4350 | D:4      | Found an ancient bone altar of Kikubaaqudgha.
  4699 | D:5      | Entered Level 5 of the Dungeon
  4774 | D:5      | Noticed Duvessa
  4774 | D:5      | Noticed Dowan
  4778 | D:5      | Killed Dowan
  4781 | D:5      | HP: 2/60 [Duvessa/+2 rapier of flaming (2)]
  4781 | D:5      | Slain by Duvessa

Illustrated notes

Levels and vault maps discovered:
D:1:      erik_arrival_cave_to_civilisation [erik_arrival_cave_to_hall],
          layout_loops_ring, shapermc_ecumenical_altar_acropolis
D:2:      layout_loops_cross
D:3:      layout_basic, xom_teletrap_fun, fedhas_altar_2, serial_curves,
          eino_curves_04, eino_curves_01, wad_floor_pattern_untrapped
D:4:      layout_layer_cave, mainiacjoe_overflow_catwalk_spiral, serial_glass,
          glass_columns_c, glass_columns_b, serial_shops,
          nicolae_shop_waterfront, kennysheep_nondescript
D:5:      layout_basic, grunt_gozag_statues, lemuel_doored_altar, uniq_pikel,
          uniq_duvessa

Skill      XL: |  1  2  3  4  5  6  7 |
---------------+----------------------+-----
Earth Magic    | 4 5 |  5.9
Shields        | 1 2 |  2.3
Fighting       | 1 2 |  2.4
Armour         | 1 2 |  2.1
Dodging        | 2 |  2.4
Spellcasting   | 3 |  3.7
Stealth        | 3 |  3.5
Transmutations | 1 |  1.2
Conjurations   | 1 |  1.2

Action                     |  1- 3 |  4- 6 |  7- 9 || total
---------------------------+-------+-------+-------++-------
  Melee: Unarmed           |    14 |       |       ||    14
         Whip              |       |    12 |       ||    12
   Cast: Sandblast         |    44 |    92 |    12 ||   148
         Stone Arrow       |       |       |     2 ||     2
    Use: Potion            |       |       |     3 ||     3
 Armour: Robe              |    17 |    14 |     2 ||    33
  Dodge: Dodged            |    19 |    18 |     2 ||    39
  Block: Buckler           |       |     4 |     1 ||     5

Table legend: (Time is in decaauts)
 A = Elapsed time spent in this place.
 B = Non-inter-level travel time spent in this place.
 C = Inter-level travel time spent in this place.
 D = Time resting spent in this place.
 E = Time spent auto-exploring this place.
 F = Levels seen in this place.
 G = Mean time per level.
                   A        B        C        D        E       F      G
               +--------+--------+--------+--------+--------+-----+--------+
         Total |   4856 |   4700 |    156 |      0 |   4149 |   5 |  971.2 |
       Dungeon |   4856 |   4700 |    156 |      0 |   4149 |   5 |  971.2 |
               +--------+--------+--------+--------+--------+-----+--------+

Top non-repeatable levels by time:
     D:4: 1428 daAuts
     D:3: 1320 daAuts
     D:1: 1148 daAuts
     D:2: 875 daAuts
     D:5: 84 daAuts
